Map: [ESL] Amphion

Players

trigger - Winner!

  • Race: Protoss Protoss
  • Spawn Location: 7:00

Cham

  • Race: Zerg Zerg
  • Spawn Location: 11:00

Event: ESL SC2 Masters 2024 Spring (Regional)

VOD

Have the link to the VOD?

Description

Time

  • Played on: May 2, 2024, 4:10 p.m.
  • Length: 10:32

All games in this series

Show
View Real Time Build Order
Export as new Build Order

trigger Protoss - Winner!

Build Orders: 1 Gate Expand, Oracle Opening, Zealot Archon 

Get SALT Encoding   

  12  0:00  Probe  
  13  0:15  Pylon  
  13  0:19  Probe  
  14  0:31  Probe (Chrono Boost)  
  15  0:36  Gateway  
  15  0:41  Probe (Chrono Boost)  
  16  0:46  Probe  
  17  0:50  Assimilator  
  17  0:58  Probe  
  18  1:10  Probe  
  19  1:22  Probe  
  20  1:29  Nexus  
  20  1:39  Cybernetics Core  
  20  1:44  Assimilator  
  20  1:47  Probe  
  21  1:54  Pylon  
  21  1:59  Probe  
  22  2:11  Probe  
  23  2:16  Stargate, Adept (Chrono Boost)  
  25  2:23  Probe  
  25  2:29  Warp Gate  
  26  2:35  Probe (Chrono Boost)  
  27  2:39  Adept  
  27  2:43  Probe (Chrono Boost)  
  31  2:46  Probe (Chrono Boost)  
  31  2:50  Probe (Chrono Boost)  
  32  2:52  Probe (Chrono Boost)  
  32  2:55  Probe (Chrono Boost)  
  34  3:02  Probe  
  34  3:05  Oracle (Chrono Boost)  
  35  3:07  Probe  
  39  3:14  Probe  
  39  3:15  Stalker  
  39  3:19  Probe  
  43  3:26  Probe  
  43  3:36  Pylon  
  43  3:38  Probe  
  43  3:40  Gateway  
  43  3:41  Oracle (Chrono Boost)  
  46  3:54  Probe x2  
  48  4:03  Assimilator  
  48  4:05  Assimilator  
  48  4:06  Probe x2  
  48  4:08  Twilight Council  
  50  4:10  Forge  
  50  4:11  Pylon  
  50  4:18  Probe x2  
  52  4:30  Probe x2  
  54  4:40  Protoss Ground Weapons Level 1 (Chrono Boost)  
  54  4:41  Charge  
  54  4:42  Probe x2, Gateway x2  
  56  4:47  Gateway  
  56  4:48  Gateway  
  56  4:49  Pylon  
  56  4:53  Robotics Facility  
  56  5:04  Pylon  
  56  5:09  Zealot x2  
  56  5:10  Templar Archives  
  61  5:19  Pylon  
  61  5:21  Gateway  
  60  5:23  Gateway  
  60  5:26  Gateway  
  60  5:29  Zealot  
  60  5:30  Zealot  
  60  5:32  Probe  
  65  5:38  Warp Prism (Chrono Boost)  
  67  5:47  Zealot, High Templar x2  
  73  5:51  Zealot, Archon  
  73  5:55  Zealot  
  77  6:05  Immortal (Chrono Boost)  
  77  6:06  Zealot  
  83  6:12  Pylon  
  83  6:23  Pylon  
  83  6:27  High Templar  
  83  6:28  Pylon  
  83  6:32  High Templar  
  87  6:33  Zealot x3  
  87  6:55  Archon  
  87  6:58  Zealot x4  
  81  7:04  Zealot  
  81  7:05  Zealot  
  61  7:30  Nexus  
  61  7:39  High Templar x4  
  69  7:44  Archon x2  
  69  7:46  Zealot  
  69  7:49  Zealot  
  70  8:25  Zealot x4  
  72  8:49  Zealot x4  
  80  8:59  High Templar x2  
  82  9:24  Archon  
  74  9:33  Zealot x6  
  74  9:34  Probe  
  85  9:47  Probe  
  86  9:59  Probe  
  85  10:03  Zealot  
  85  10:07  Pylon  
  85  10:08  Pylon  
  77  10:16  Probe  
  77  10:19  Zealot x5  
  80  10:23  Nexus  
  80  10:28  Zealot x3  
Show
View Real Time Build Order
Export as new Build Order

Cham Zerg 

Build Orders: Hatch First, Swarm Host 

Get SALT Encoding   

  12  0:00  Drone  
  13  0:08  Drone  
  14  0:33  Hatchery  
  13  0:38  Drone  
  14  0:45  Drone, Extractor x2  
  13  0:50  Drone  
  16  1:05  Spawning Pool  
  15  1:14  Overlord  
  15  1:29  Overlord  
  15  1:34  Drone x2  
  17  1:44  Drone  
  18  1:49  Extractor  
  18  1:51  Queen  
  20  1:54  Queen  
  20  1:59  Drone  
  20  2:01  Drone  
  24  2:05  Drone  
  24  2:08  Drone  
  26  2:14  Drone x2  
  28  2:21  Zergling x2  
  29  2:24  Zergling x2  
  29  2:27  Extractor x2  
  28  2:31  Queen  
  30  2:37  Queen  
  30  2:40  Drone  
  30  2:43  Drone  
  34  2:46  Drone  
  34  2:49  Drone  
  36  2:54  Overlord  
  36  2:57  Overlord  
  35  3:12  Drone x3  
  38  3:13  Drone x2  
  38  3:19  Lair  
  40  3:30  Drone x2  
  40  3:31  Drone x2  
  42  3:34  Drone  
  42  3:38  Metabolic Boost  
  44  3:41  Drone  
  44  3:43  Drone  
  44  3:46  Drone  
  46  3:49  Drone  
  46  3:50  Drone  
  46  3:54  Spore Crawler  
  48  4:02  Drone  
  48  4:03  Drone x3  
  48  4:05  Overlord  
  51  4:10  Overlord  
  51  4:15  Overlord  
  51  4:21  Extractor  
  51  4:22  Extractor  
  51  4:24  Roach Warren  
  48  4:25  Drone x2  
  48  4:26  Overlord  
  49  4:37  Drone  
  49  4:38  Drone x5  
  54  4:43  Infestation Pit  
  54  4:45  Drone  
  54  4:48  Overlord  
  54  4:57  Overlord  
  54  5:03  Glial Reconstitution  
  54  5:08  Overlord  
  54  5:13  Overlord  
  58  5:18  Swarm Host  
  58  5:19  Swarm Host x4  
  69  5:22  Swarm Host x2  
  69  5:26  Swarm Host  
  78  5:40  Overlord  
  78  5:44  Hatchery  
  78  5:45  Roach x2  
  81  5:52  Roach x3  
  81  5:57  Roach x2  
  91  6:00  Overlord  
  91  6:03  Drone x2  
  90  6:04  Drone  
  90  6:06  Drone  
  91  6:13  Roach x2  
  91  6:17  Roach  
  97  6:20  Roach x2  
  97  6:21  Roach  
  103  6:30  Roach  
  103  6:32  Ravager x2  
  106  6:33  Ravager  
  106  6:36  Roach x3  
  106  6:37  Evolution Chamber  
  113  6:40  Overlord  
  113  6:42  Roach  
  104  6:54  Roach x4  
  101  7:04  Roach x2  
  101  7:05  Roach  
  95  7:14  Zergling x4  
  85  7:24  Drone x3  
  83  7:33  Drone  
  84  7:39  Drone  
  84  7:47  Drone x2  
  84  7:51  Drone x2  
  88  7:57  Drone x2  
  90  8:03  Drone x2  
  92  8:12  Drone x3  
  81  8:21  Roach  
  81  8:24  Drone  
  82  8:30  Drone x2  
  83  8:34  Drone  
  83  8:39  Drone  
  85  8:44  Drone  
  85  8:47  Drone  
  86  8:50  Drone  
  86  8:53  Drone  
  88  8:56  Drone  
  88  9:00  Drone  
  88  9:02  Drone  
  91  9:08  Drone x2  
  92  9:18  Drone x3  
  92  9:19  Drone  
  96  9:26  Roach x2  
  96  9:29  Roach  
  100  9:33  Ravager x2  
  100  9:34  Zergling x8  
  106  9:43  Ravager  
  105  9:49  Roach x4  
  105  9:50  Roach  
  107  9:57  Roach x4  
Tags
 
Add a new tag
Caveats
  • Supply blocks, unpowered buildings, or Contaminate may cause inaccurate times.
  • Supply counts are checked every 10 seconds.